 Dungeon Crawl Stone Soup version 0.28-a0-529-g3bad584f25 (webtiles) character file.

Game seed: 7775434596993061941

184 varam the Sneak (level 5, -1/24 HPs)
             Began as a Spriggan Enchanter on Sept 24, 2021.
             Slain by an adder (5 damage)
             ... on level 3 of the Dungeon.
             The game lasted 00:07:07 (2867 turns).

varam the Sneak (Spriggan Enchanter)                Turns: 2867, Time: 00:07:07

Health: -1/24      AC:  2    Str:  5    XL:     5   Next: 36%
Magic:  10/10      EV: 17    Int: 17    God:
Gold:   95         SH:  0    Dex: 15    Spells: 4/9 levels left

rFire   . . .      SeeInvis +   h - +2 dagger (venom)
rCold   . . .      Faith    .   (shield restricted)
rNeg    . . .      Spirit   .   b - +0 robe
rPois   .          Reflect  .   (helmet restricted)
rElec   .          Harm     .   (no cloak)
rCorr   +          Rampage  .   (gloves unavailable)
Will    .....                   (boots unavailable)
Stlth   ++++......              (no amulet)
HPRegen 0.08/turn               i - ring of resist corrosion
MPRegen 0.12/turn               (no ring)

@: very quick
A: very small, no large weapons, unfitting armour, see invisible, speed 3
a: no special abilities


You were on level 3 of the Dungeon.
You visited 1 branch of the dungeon, and saw 3 of its levels.

You collected 95 gold pieces.

Inventory:

Hand Weapons
 h - a +2 dagger of venom (weapon)
   (You took it off a kobold on level 1 of the Dungeon)
Missiles
 d - 44 stones (quivered)
Armour
 b - a +0 robe (worn)
Jewellery
 i - a ring of resist corrosion (left hand)
   (You found it on level 1 of the Dungeon)
 k - a ring of protection from cold
   (You found it on level 2 of the Dungeon)
Wands
 n - a wand of acid (8)
   (You took it off Ijyb on level 3 of the Dungeon)
Scrolls
 a - 2 scrolls of summoning {unknown}
 f - a scroll of acquirement {unknown}
 l - 2 scrolls of identify {unknown}
 m - a scroll of blinking {unknown}
Potions
 c - a potion of invisibility
 e - a potion of ambrosia {unknown}
 g - a potion of brilliance {unknown}
 j - a potion of curing {unknown}


   Skills:
 + Level 4.1 Short Blades
 - Level 2.6 Dodging
 + Level 7.4 Stealth
 - Level 2.6 Spellcasting
 - Level 3.6 Hexes


You had 4 spell levels left.
You knew the following spells:

 Your Spells              Type           Power      Damage    Failure   Level
a - Ensorcelled Hibernat  Hex/Ice        16%        N/A       13%         2
b - Tukima's Dance        Hex            14%        N/A       12%         3

Your spell library contained the following spells:

 Spells                   Type           Power      Damage    Failure   Level
 Confusing Touch          Hex            14%        N/A       12%         3
 Dazzling Flash           Conj/Hex       16%        N/A       26%         3


Dungeon Overview and Level Annotations

Branches:
Dungeon (3/15)

Altars:

Portals:
Sewer: D:3


Innate Abilities, Weirdness & Mutations

You are very small and have problems with some larger weapons.
You are too small for most types of armour.
You have supernaturally acute eyesight. (SInv)
You cover ground extremely quickly. (Speed+++)


Message History

Ijyb is lightly wounded.
Ijyb completely misses you.
You hit Ijyb but do no damage.
Ijyb looks as sick as possible!
Ijyb is lightly wounded.
You hit Ijyb.
Ijyb looks as sick as possible!
Ijyb is moderately wounded.
Ijyb zaps a wand.
The bolt of acid hits you! You resist.
Ouch! That really hurt!
* * * LOW HITPOINT WARNING * * *
You hit Ijyb.
Ijyb is moderately wounded.
Ijyb closely misses you.
Ijyb zaps a wand.
The bolt of acid hits you. You resist.
* * * LOW HITPOINT WARNING * * *
You kill Ijyb!
n - a wand of acid (8)
Things that are here:
a +0 club; a +0 leather armour; the goblin corpse of Ijyb
Things that are here:
a +0 short sword; a kobold corpse
Okay, then.
You start resting.
You hear the slow rusting of a drain nearby.
Found a stone staircase leading down.
Found 28 arrows.
There is a stone staircase leading down here.
You open the door.
An adder, a rat and 3 giant cockroaches come into view.
A rat comes into view.
Found a glowing drain.
There is an open door here.
You hit the rat.
The rat is poisoned.
The rat is moderately wounded.
You hit the rat.
You kill the rat!
The adder hisses angrily.
A frilled lizard comes into view.
There is an open door here.
You closely miss the adder. The adder bites you.
You die...

...).)....#.###
..........#...
..........#.#
............#
.........#..#
...#######..# ≈ ####
##>###### ≈≈≈
##......###lB≈≈≈
...........@S..BB≈≈∩
##..........########
#..(.......#
#....####### #....
#.... #....


You could see an adder, 3 giant cockroaches and a frilled lizard (wandering).

Vanquished Creatures
  Ijyb (D:3)
  Natasha (twice) (D:2)
  Terence (D:2)
  A hound skeleton (D:2)
  2 adders (D:2)
  A worm (D:2)
  4 dart slugs
  2 endoplasms
  3 giant cockroaches
  7 goblins
  4 hobgoblins
  7 kobolds
  7 ball pythons
  5 bats (D:1)
  A frilled lizard (D:2)
  4 rats
52 creatures vanquished.

Notes
Turn   | Place    | Note
-------+----------+-------------------------------------------
     0 | D:1      | varam the Spriggan Enchanter began the quest for the Orb.
     0 | D:1      | Reached XP level 1. HP: 9/9 MP: 5/5
   793 | D:1      | Reached XP level 2. HP: 11/13 MP: 6/6
   852 | D:1      | Reached skill level 5 in Stealth
   855 | D:1      | Learned a level 2 spell: Ensorcelled Hibernation
  1966 | D:2      | Reached XP level 3. HP: 16/16 MP: 8/8
  2067 | D:2      | Noticed Natasha
  2077 | D:2      | Killed Natasha
  2078 | D:2      | Reached skill level 6 in Stealth
  2105 | D:2      | Noticed Terence
  2260 | D:2      | Reached XP level 4. HP: 18/21 MP: 9/9
  2277 | D:2      | Learned a level 3 spell: Tukima's Dance
  2352 | D:2      | Found a faded altar of an unknown god.
  2371 | D:2      | Noticed Natasha
  2386 | D:2      | Killed Natasha
  2764 | D:2      | Killed Terence
  2765 | D:2      | Reached skill level 7 in Stealth
  2765 | D:2      | Reached XP level 5. HP: 24/24 MP: 10/10
  2770 | D:2      | Noticed a phantom
  2800 | D:3      | Noticed Ijyb
  2815 | D:3      | HP: 1/24 [Ijyb/bolt of acid (6)]
  2816 | D:3      | Killed Ijyb
  2859 | D:3      | Found a glowing drain.
  2867 | D:3      | Slain by an adder

Illustrated notes

Levels and vault maps discovered:
D:1:      lightli_iron_boxes, layout_basic
D:2:      minmay_spotlight, layout_loops_ring, ebering_ecumenical_altar_box,
          grunt_ministairs_13, uniq_terence, uniq_natasha
D:3:      layout_basic, portal_sewer_entry_b, uniq_robin, uniq_ijyb

Skill      XL: |  1  2  3  4  5 |
---------------+----------------+-----
Stealth        | 5 6 7 |  7.4
Short Blades   | 2 3 4 |  4.1
Dodging        | |  2.6
Spellcasting   | |  2.6
Hexes          | |  3.6

Action                   |  1- 3 |  4- 6 || total
-------------------------+-------+-------++-------
Melee: Dagger            |   104 |    46 ||   150
 Stab: Sleeping          |     9 |     5 ||    14
Armor: Robe              |     6 |     2 ||     8
Dodge: Dodged            |    71 |    29 ||   100

Table legend: (Time is in decaauts)
 A = Elapsed time spent in this place.
 B = Non-inter-level travel time spent in this place.
 C = Inter-level travel time spent in this place.
 D = Time resting spent in this place.
 E = Time spent auto-exploring this place.
 F = Levels seen in this place.
 G = Mean time per level.
                   A        B        C        D        E       F      G
               +--------+--------+--------+--------+--------+-----+--------+
         Total |   2262 |   2211 |     51 |    497 |   1243 |   3 |  754.0 |
       Dungeon |   2262 |   2211 |     51 |    497 |   1243 |   3 |  754.0 |
               +--------+--------+--------+--------+--------+-----+--------+

Top non-repeatable levels by time:
     D:1: 1687 daAuts
     D:2: 510 daAuts
     D:3: 64 daAuts
